 Dungeon Crawl Stone Soup version 0.17-a0-1840-g87820a2 (webtiles) character file.

14049 Horrz the Fighter (level 11, -8/117 HPs)
             Began as a Troll Monk on Sept 16, 2015.
             Was the Champion of Qazlal.
             Mangled by a black mamba (16 damage)
             ... on level 3 of the Lair of Beasts.
             The game lasted 01:26:53 (11270 turns).

Horrz the Fighter (Troll Monk)                     Turns: 11270, Time: 01:26:54

Health: -8/117     AC:  5    Str: 25    XL:     11   Next: 83%
Magic:  7/13       EV: 14    Int: 10    God:    Qazlal [******]
Gold:   1316       SH:  8    Dex: 14    Spells: 0 memorised, 10 levels left

rFire  . . .     SeeInvis .     M - +6 war axe "Beetleslayer" {chop, *Drain rElec Int+4}
rCold  . . .     Clarity  .     a - +0 robe
rNeg   . . .     SustAt   +     (no shield)
rPois  .         Gourm    +     (helmet restricted)
rElec  +         Spirit   .     (no cloak)
rCorr  .         Warding  .     (gloves unavailable)
rMut   .         Stasis   .     (boots unavailable)
MR     .....                    i - amulet of rage
Stlth  +.........               l - +3 ring of strength
                                k - ring of sustain attributes

@: repel missiles, not resistant to hostile enchantments, very unstealthy
A: unfitting armour, claws 3, camouflage 1, fast metabolism 3, gourmand,
regeneration 2, shaggy fur 1, tough skin 2
a: Upheaval, Elemental Force, Disaster Area, Renounce Religion, Evoke Berserk
Rage


You were on level 3 of the Lair of Beasts.
You worshipped Qazlal.
Qazlal was exalted by your worship.
You were not hungry.

You visited 4 branches of the dungeon, and saw 18 of its levels.
You also visited: Ossuary.

You collected 1316 gold pieces.

Inventory:

Hand weapons
 E - a +1 great mace of protection
 F - a +0 flail of protection
 M - the +6 war axe "Beetleslayer" (weapon) {chop, *Drain rElec Int+4}
   (You found it on level 7 of the Dungeon)

   It inflicts extra damage upon your enemies.
   It affects your intelligence (+4).
   It insulates you from electricity.
   It causes draining when unequipped.
Missiles
 j - 296 stones (quivered)
Armour
 a - a +0 robe (worn)
Jewellery
 i - an amulet of rage (around neck)
 k - a ring of sustain attributes (left claw)
 l - a +3 ring of strength (right claw)
 u - an uncursed ring of protection from fire {unknown}
Magical devices
 e - a wand of draining (1)
 p - a wand of fire (0)
 t - a wand of draining (11)
 w - a wand of random effects (22)
 x - a wand of disintegration (4)
 G - a wand of lightning (6)
 I - a wand of fire (7)
 L - a wand of fireball (6)
 R - a wand of confusion (23)
 S - a wand of random effects (29)
 V - a wand of digging (8)
 Y - a wand of polymorph (4)
Scrolls
 d - 3 scrolls of amnesia
 g - 3 scrolls of remove curse
 o - a scroll of brand weapon {unknown}
 r - 8 scrolls of identify
 y - 3 scrolls of recharging {unknown}
 A - 2 scrolls of enchant weapon {unknown}
 C - 3 scrolls of teleportation
 H - 3 scrolls of fear {unknown}
 J - a scroll of fog {unknown}
 K - 5 scrolls of enchant armour {unknown}
 O - 2 scrolls of blinking {unknown}
 Q - a scroll of magic mapping {unknown}
 W - a scroll of vulnerability {unknown}
Potions
 h - 2 potions of brilliance
 n - a potion of ambrosia
 q - 8 potions of curing
 s - 2 potions of cure mutation
 z - 3 potions of haste
 B - a potion of might
 D - a potion of beneficial mutation {unknown}
 N - a potion of berserk rage
 T - a potion of lignification
 X - a potion of invisibility {unknown}
 Z - 2 potions of magic {unknown}
Comestibles
 b - 5 bread rations
 c - 6 fruits
 f - 2 slices of pizza
 m - 4 royal jellies
 v - 2 beef jerkies
 P - 2 meat rations


   Skills:
 * Level 9.7 Fighting
 * Level 8.2(8.5) Axes
 - Level 3.2(6.6) Maces & Flails
 + Level 8.3 Dodging
 - Level 1.1 Stealth
 - Level 7.0 Unarmed Combat
 - Level 4.0 Invocations


You had 10 spell levels left.
You didn't know any spells.

Dungeon Overview and Level Annotations

Branches:
Dungeon (10/15)            Temple (1/1) D:5            Lair (3/8) D:10
    Orc (4/4) D:9             Elf (0/3) Orc:3
  Swamp: Lair:3-6    Shoals: Lair:3-6     Snake: Lair:3-6    Spider: Lair:3-6

Altars:
Ashenzari
Cheibriados
Dithmenos
Elyvilon
Fedhas
Gozag
Kikubaaqudgha
Makhleb
Nemelex Xobeh
Okawaru
Qazlal
Ru
Sif Muna
Trog
Vehumet
Xom
Yredelemnul
Zin
The Shining One

Annotations:
Lair:3 Gastronok, Sonja
Orc:4 Azrael


Innate Abilities, Weirdness & Mutations

You are too large for most types of armour.
You have claws for hands.
Your metabolism is lightning-fast.
You like to eat raw meat.
You heal very quickly.
You are covered in fur (AC +1).
You have very tough skin (AC +2).
Your skin changes colour to match your surroundings (Stealth).


Message History

You barely miss the black mamba.
The black mamba is lightly wounded.
You hit the plant.
The plant is lightly damaged.
The black mamba bites you! The black mamba barely misses you.
You slash the black mamba!
The black mamba is moderately wounded.
You slash the plant!
The plant is moderately damaged.
The black mamba bites you!!
* * * LOW HITPOINT WARNING * * *
The black mamba bites you!
* * * LOW HITPOINT WARNING * * *
The black mamba misses you. The black mamba barely misses you.
Found 13 stones.
The plant is struck by lightning.
You destroy the plant!
The black mamba bites you!
You die...

# .# ##.#####.##.
.........#.
.......#.....
#.#.........#$# #
....._. #...§>##.#(.
...... #..........
#.... #P§@§.#.##
#.#....###§S........
......§##...###.P..
#.......## P.# #
#..##..§..## . .$.
### #...#§.P# ..P ..
###..#..... .... #.
#..###P.## ....##.
##..# ### # ....#.


You could see a black mamba.

Vanquished Creatures
  Josephine (Orc:3)
  A hydra (Lair:3)
  The ghost of Sychopol the Blocker, a powerful GrFi of Makhleb (Orc:3)
  An orc knight (Orc:3)
  A centaur skeleton (D:10)
  2 komodo dragons
  3 spiny frogs
  2 trolls
  Prince Ribbit (D:5)
  3 wraiths (Orc:3)
  2 hungry ghosts (D:9)
  3 hill giant zombies (D:9)
  A wyvern (Lair:2)
  A basilisk (Lair:2)
  A hippogriff (D:8)
  A steam dragon (D:9)
  3 wolves (Lair:2)
  A mottled dragon (D:9)
  A warg (D:9)
  4 water moccasins (Lair:1)
  7 ogres
  A hell hound (Orc:3)
  6 orc warriors
  7 porcupines
  3 sky beasts
  A black bear (D:10)
  3 phantoms
  A necrophage (D:9)
  4 centaurs
  2 ice beasts (D:9)
  5 crocodiles
  An elf zombie (Ossuary)
  8 giant frogs
  A wyvern skeleton (D:8)
  2 troll zombies (D:9)
  2 scorpions
  A quasit (D:9)
  5 wights (D:9)
  3 hounds
  A crimson imp (D:6)
  A jelly (D:10)
  A centaur zombie (Ossuary)
  9 orc priests
  3 giant frog skeletons
  6 iguanas
  17 orc wizards
  Jessica (D:3)
  6 worker ants
  A big kobold zombie (Ossuary)
  2 ogre zombies (D:9)
  2 hound zombies (D:10)
  A hound skeleton (D:5)
  3 mummies
  2 worker ant zombies
  14 adders
  3 gnolls (Orc:1)
  6 river rats (Lair:3)
  4 shadow imps
  An ooze (D:1)
  5 adder zombies
  2 adder skeletons
  A worm (D:3)
  9 giant geckos
  93 orcs
  A bat skeleton (D:2)
  A bat zombie (D:2)
  3 giant cockroaches
  5 goblins
  7 hobgoblins
  A ball python (D:4)
  A ball python skeleton (D:2)
  7 bats
  4 giant gecko skeletons
  A giant gecko zombie (D:2)
  6 giant newts
  4 goblin zombies
  5 hobgoblin skeletons (D:9)
  15 hobgoblin zombies
  5 jackals
  A jackal skeleton (D:4)
  9 kobolds
  10 kobold zombies
  3 orc skeletons (D:9)
  20 orc zombies
  A quokka (D:10)
  2 quokka skeletons (D:2)
  3 rats (D:2)
  A rat zombie (Ossuary)
  A butterfly (D:3)
  4 fungi
  5 plants
417 creatures vanquished.

Vanquished Creatures (others)
  2 river rats (Lair:3)
  2 fungi (Lair:3)
  2 plants (Lair:3)
6 creatures vanquished.

Grand Total: 423 creatures vanquished

Notes
Turn   | Place    | Note
--------------------------------------------------------------
     0 | D:1      | Horrz the Troll Monk began the quest for the Orb.
     0 | D:1      | Reached XP level 1. HP: 22/22 MP: 0/0
    53 | D:1      | Reached XP level 2. HP: 29/29 MP: 1/1
   631 | D:2      | Reached XP level 3. HP: 32/36 MP: 2/2
   747 | D:2      | Reached XP level 4. HP: 40/44 MP: 3/3
  1289 | D:3      | Reached skill level 5 in Unarmed Combat
  1293 | D:3      | Reached XP level 5. HP: 47/53 MP: 4/4
  1580 | D:3      | Found a shimmering altar of Xom.
  1608 | D:3      | Noticed Jessica
  1617 | D:3      | Killed Jessica
  2033 | D:4      | Noticed an orc warrior
  2049 | D:3      | Killed an orc warrior
  2049 | D:3      | Reached XP level 6. HP: 33/62 MP: 5/5
  2209 | D:4      | Noticed an ogre
  2218 | D:4      | Killed an ogre
  2230 | D:4      | Reached skill level 6 in Unarmed Combat
  2230 | D:4      | Reached XP level 7. HP: 41/70 MP: 6/6
  2348 | D:4      | Found a deep blue altar of Sif Muna.
  2352 | D:4      | Found a basalt altar of Yredelemnul.
  2352 | D:4      | Found a stormy altar of Qazlal.
  2353 | D:4      | Found a glowing golden altar of the Shining One.
  2355 | D:4      | Found an ancient bone altar of Kikubaaqudgha.
  2357 | D:4      | Found an opulent altar of Gozag.
  2362 | D:4      | Became a worshipper of Qazlal Stormbringer
  2362 | D:4      | Acquired Qazlal's first power
  2362 | D:4      | Acquired Qazlal's second power
  2533 | D:4      | Found a sacrificial altar of Ru.
  2773 | D:5      | Entered Level 5 of the Dungeon
  2841 | D:5      | Found a staircase to the Ecumenical Temple.
  2849 | Temple   | Entered the Ecumenical Temple
  3128 | D:5      | Noticed Prince Ribbit
  3152 | D:5      | Killed Prince Ribbit
  3152 | D:5      | Reached skill level 5 in Dodging
  3606 | D:5      | Reached XP level 8. HP: 75/79 MP: 7/7
  3632 | D:5      | Found a bloodstained altar of Trog.
  3658 | D:5      | Reached skill level 5 in Fighting
  3770 | D:6      | Reached skill level 7 in Unarmed Combat
  4009 | D:6      | Reached skill level 1 in Maces & Flails
  4456 | D:7      | Identified the Papyrus of Execration
  4939 | D:7      | Got an ancient war axe
  4940 | D:7      | Identified the +6 war axe "Beetleslayer" {chop, *Drain rElec Int+4} (You found it on level 7 of the Dungeon)
  5115 | D:8      | Noticed a troll
  5247 | D:7      | Acquired Qazlal's third power
  5268 | D:7      | Reached skill level 1 in Axes
  5325 | D:8      | Found a sand-covered staircase.
  5331 | Ossuary  | Entered an ossuary
  5359 | Ossuary  | Reached XP level 9. HP: 89/89 MP: 8/8
  5410 | Ossuary  | Acquired Qazlal's fourth power
  5628 | D:8      | Found a glowing silver altar of Zin.
  5718 | D:8      | Killed a troll
  6518 | D:9      | Found a blossoming altar of Fedhas.
  6692 | D:9      | Acquired Qazlal's fifth power
  6785 | D:9      | Found a staircase to the Orcish Mines.
  6822 | D:10     | Entered Level 10 of the Dungeon
  7018 | D:10     | Reached skill level 1 in Invocations
  7021 | D:10     | Gained mutation: You are dopey. (Int -2) [mutagenic meat]
  7057 | D:10     | Found a staircase to the Lair.
  7110 | D:10     | Gained mutation: Your skin changes colour to match your surroundings (Stealth). [potion of mutation]
  7110 | D:10     | Gained mutation: You have supernaturally acute eyesight. [potion of mutation]
  7110 | D:10     | Gained mutation: Your flesh is cold resistant. [potion of mutation]
  7113 | D:10     | Lost mutation: You are dopey. (Int -2) [potion of cure mutation]
  7113 | D:10     | Lost mutation: Your flesh is cold resistant. [potion of cure mutation]
  7113 | D:10     | Lost mutation: You have supernaturally acute eyesight. [potion of cure mutation]
  7117 | Lair:1   | Entered Level 1 of the Lair of Beasts
  7312 | Lair:1   | Noticed a spiny frog
  7319 | Lair:1   | Reached XP level 10. HP: 64/102 MP: 10/10
  7320 | Lair:1   | Killed a spiny frog
  7320 | Lair:1   | Reached skill level 5 in Axes
  7352 | Lair:1   | Noticed a komodo dragon
  7362 | Lair:1   | Killed a komodo dragon
  7602 | D:10     | Noticed a centaur skeleton
  7609 | D:10     | Killed a centaur skeleton
  8178 | Orc:1    | Entered Level 1 of the Orcish Mines
  8180 | Orc:1    | Reached skill level 8 in Fighting
  8643 | Orc:3    | Noticed Josephine
  8647 | Orc:3    | Killed Josephine
  8648 | Orc:3    | Reached XP level 11. HP: 71/113 MP: 12/12
  8934 | Orc:3    | Noticed an orc knight
  8938 | Orc:3    | Killed an orc knight
  8947 | Orc:3    | Noticed Sychopol's ghost (powerful GrFi)
  8954 | Orc:3    | Killed Sychopol's ghost
  9158 | Orc:3    | Found a staircase to the Elven Halls.
  9350 | Orc:4    | Entered Level 4 of the Orcish Mines
  9364 | Orc:4    | Noticed Azrael
  9579 | D:9      | Reached skill level 9 in Fighting
 11087 | Lair:3   | Noticed Sonja
 11097 | Lair:3   | Noticed an eight-headed hydra
 11098 | Lair:3   | Noticed Gastronok
 11106 | Lair:3   | Killed an eight-headed hydra
 11107 | Lair:3   | Noticed a six-headed hydra
 11262 | Lair:3   | Found a basalt altar of Yredelemnul.
 11270 | Lair:3   | Mangled by a black mamba

Vault maps used:
D:1:      lightli_arrival_boilingwater, serial_park_tiny_2
D:2:      first_bread, serial_undead, serial_undead_a, serial_undead_a,
          serial_undead_b, serial_undead_f, serial_undead_e, serial_undead_c,
          serial_undead_e, serial_undead_d
D:3:      xom_butterflies, feat_on_display, uniq_jessica
D:4:      minitemple, kennysheep_mini_moat, minmay_misc_feat_roman,
          wad_rectangle_vault
D:5:      lightli_temple_of_fire, minmay_temple_entry_overgrown,
          uniq_prince_ribbit1
D:7:      minivault_11
D:8:      kennysheep_little_box, nicolae_ossuary_entry_giza
D:9:      lemuel_round_altar, zombieorc2_lemuel
D:10:     lair_0_dummy
Temple:   jpeg_temple_alley_garden_8
Lair:1:   guppyfry_lair_drakes
Lair:2:   st_stairs_7, beast_lair_carwin_2, grunt_megastairs_4
Lair:3:   minmay_snake_entry_guardpost_small, basic_altar,
          grunt_forest_large_clearings, uniq_sonja, uniq_gastronok
Orc:1:    minmay_orc_keep
Orc:2:    serial_shops, nicolae_shop_stone
Orc:3:    nicolae_orc_pool_cavern, uniq_josephine
Orc:4:    st_orc_open, basic_altar, lab_entry_generic, uniq_azrael
Ossuary:  ossuary_tomb_1

Action                   |  1- 3 |  4- 6 |  7- 9 | 10-12 || total
-------------------------+-------+-------+-------+-------++-------
Melee: Unarmed           |    77 |   152 |    99 |       ||   328
       Flail             |       |       |    75 |       ||    75
       War axe           |       |       |   187 |   355 ||   542
Throw: Stone             |       |       |       |     7 ||     7
Invok: Upheaval          |       |       |       |     6 ||     6
Evoke: Wand              |       |       |       |     5 ||     5
  Use: Scroll            |       |     5 |     2 |       ||     7
       Potion            |       |       |    12 |     2 ||    14
 Stab: Sleeping          |     3 |     1 |       |       ||     4
  Eat: Chunk             |    12 |    10 |    45 |    38 ||   105
       Meat ration       |       |       |     1 |       ||     1
       Fruit             |       |       |       |     3 ||     3
       Beef jerky        |       |       |       |     1 ||     1
